 Dungeon Crawl Stone Soup version 0.29.1-2-gbd0b4ee654 (webtiles) character file.

Game seed: 18159723036986273166

7812 sanboga the Destroyer (level 11, -2/54 HPs)
             Began as a Gargoyle Air Elementalist on Nov 22, 2022.
             Was an Elder of Vehumet.
             Slain by Gastronok (8 damage)
             ... on level 9 of the Dungeon.
             The game lasted 00:27:30 (13811 turns).

sanboga the Destroyer (Gargoyle Air Elementalist)  Turns: 13811, Time: 00:27:30

Health: -2/54      AC: 12    Str: 11    XL:     11   Next: 21%
Magic:  7/21       EV: 13    Int: 21    God:    Vehumet [****..]
Gold:   1363       SH:  0    Dex: 10    Spells: 14/24 levels left

rFire   . . .      SeeInvis .   i - +1 short sword (venom)
rCold   + . .      Faith    .   e - orb {*channel}
rNeg    + . .      Spirit   .   a - +0 robe
rPois   ∞          Reflect  .   (no helmet)
rElec   +          Harm     .   (no cloak)
rCorr   .          Rampage  .   l - +1 pair of gloves
Will    .....                   (no boots)
Stlth   ++........              (no amulet)
HPRegen 0.18/turn               m - ring of protection from cold
MPRegen 0.17/turn               u - ring of flight

@: flying, slowed, very slow
A: sickness immunity, AC +8, negative energy resistance 1, electricity
resistance, torment resistance 1, petrification resistance
a: Renounce Religion


You were on level 9 of the Dungeon.
You worshipped Vehumet.
Vehumet was greatly pleased with you.
You visited 1 branch of the dungeon, and saw 9 of its levels.
You also visited: Ossuary.

You collected 1363 gold pieces.

Inventory:

Hand Weapons
 i - a +1 short sword of venom (weapon)
Armour
 a - a +0 robe (worn)
 e - an orb of energy (worn)
 l - a +1 pair of gloves (worn)
Jewellery
 m - a ring of protection from cold (left hand)
 u - a ring of flight (right hand)
 w - a ring of ice
Wands
 y - a wand of polymorph (4)
Scrolls
 c - 2 scrolls of poison
 d - a scroll of silence {unknown}
 g - 5 scrolls of fog
 h - a scroll of blinking
 p - 2 scrolls of enchant armour
 q - a scroll of identify
 v - 2 scrolls of teleportation
 x - 2 scrolls of enchant weapon
 B - a scroll of brand weapon
Potions
 b - 4 potions of magic
 f - 2 potions of heal wounds
 j - a potion of might
 k - 5 potions of curing {unknown}
 n - 2 potions of haste
 o - a potion of cancellation {unknown}
 r - a potion of berserk rage {unknown}
 s - 3 potions of mutation {unknown}
 t - a potion of brilliance {unknown}
 z - a potion of ambrosia {unknown}


   Skills:
 + Level 6.5 Dodging
 - Level 2.1 Stealth
 + Level 7.2 Spellcasting
 * Level 11.8 Conjurations
 + Level 6.8 Air Magic


You had 14 spell levels left.
You knew the following spells:

 Your Spells              Type           Power      Damage    Failure   Level
a - Hailstorm             Conj/Ice       32%        3d8       2%          4
b - Static Discharge      Conj/Air       46%        3-9/arc   1%          2
c - Airstrike             Air            18%        2d(3-19)  1%          4

Your spell library contained the following spells:

 Spells                   Type           Power      Damage    Failure   Level
 Flame Wave               Conj/Fire      32%        2d9       2%          4
 Shock                    Conj/Air       100%       1d9       1%          1
 Swiftness                Air            36%        N/A       1%          3
 Freeze                   Ice            28%        1d5       2%          1
 Frozen Ramparts          Ice            14%        1d3       7%          3
 Necrotise                Necr           28%        1d5       9%          1
 Summon Small Mammal      Summ           28%        N/A       9%          1
 Passwall                 Tmut/Erth      5%         N/A       13%         2
 Call Canine Familiar     Summ           7%         N/A       26%         3
 Summon Guardian Golem    Hex/Summ       7%         N/A       26%         3
 Vampiric Draining        Necr           7%         2d6       26%         3
 Ice Form                 Ice/Tmut       7%         N/A       65%         4
 Agony                    Necr           7%         N/A       94%         5
 Simulacrum               Ice/Necr       3%         N/A       100%        6


Dungeon Overview and Level Annotations

Branches:
Dungeon (9/15)             Temple (0/1) D:6         Ossuary (visited)
   Lair: D:8-11         Orc: D:9-12

Altars:
Ashenzari
Cheibriados
Kikubaaqudgha
Makhleb
Nemelex Xobeh
Okawaru
Sif Muna
Trog
Vehumet
Yredelemnul

Annotations:
D:9 Gastronok


Innate Abilities, Weirdness & Mutations

You are immune to sickness and miasma.
Your stone body is resilient. (AC +8)
You are immune to poison.
You resist negative energy. (rN+)
You are resistant to electric shocks. (rElec)
You are resistant to unholy torment.
You are immune to petrification.


Message History

Gastronok is moderately wounded.
You resist.
You are struck by an arc of lightning.
The lightning grounds out.
Gastronok gurgles, "Are you a wizard?
Wizards taste nice..."
Gastronok bites you.
Casting: Static Discharge (safe; 1% risk of failure)
Confirm with . or Enter, or press ? or * to list all spells.
Gastronok is struck by an arc of lightning!
Gastronok is heavily wounded.
You resist.
You are struck by an arc of lightning.
Gastronok is struck by an arc of lightning.
Gastronok is heavily wounded.
You resist.
You are struck by an arc of lightning.
Gastronok is struck by an arc of lightning!
Gastronok is heavily wounded.
The lightning grounds out.
Gastronok bites you!!
* * * LOW HITPOINT WARNING * * *
Casting: Static Discharge (safe; 1% risk of failure)
Confirm with . or Enter, or press ? or * to list all spells.
Gastronok is struck by an arc of lightning.
Gastronok is heavily wounded.
You resist.
You are struck by an arc of lightning.
* * * LOW HITPOINT WARNING * * *
Gastronok is struck by an arc of lightning!
Gastronok is severely wounded.
You resist.
You are struck by an arc of lightning.
Gastronok is struck by an arc of lightning!
Gastronok is severely wounded.
The lightning grounds out.
Casting: Static Discharge (safe; 1% risk of failure)
Confirm with . or Enter, or press ? or * to list all spells.
Gastronok is struck by an arc of lightning.
Gastronok is severely wounded.
The wraith is struck by an arc of lightning!
The wraith is moderately damaged.
Gastronok is struck by an arc of lightning!
Gastronok is severely wounded.
The lightning grounds out.
A fire bat comes into view.
Gastronok bites you!
You die...

#..#
######.#....
#.## #.#..|.
##.## #......
#8.8# ###....
##'## #....
#.# #...)
##.## #....
#+##†..##'#
#...†
#...†@....#
#####
#..###w###..#
# #.. .W. ..#
# b. ..... ..
# . ..._... .
#......b# #
###...### #
##'## # #


You could see Gastronok (swift), a wraith and a fire bat.

Vanquished Creatures
  Erica (D:8)
  A fire bat (D:9)
  2 wyverns (D:7)
  9 yaks
  A steam dragon (D:8)
  2 vampire mosquitoes (D:8)
  Edmund (D:4)
  A water moccasin (D:7)
  3 orc warriors
  A sky beast (D:8)
  6 ice beasts
  2 black bears
  An ogre (D:5)
  Blork the orc (D:5)
  2 necrophages (D:6)
  A kobold brigand (D:6)
  3 bullfrogs
  11 scorpions
  12 wights
  The ghost of inkworks the Covered, a weakling MiFi (D:3)
  7 killer bees
  2 howler monkeys
  2 centaur zombies (Ossuary)
  4 hounds
  A jelly (D:5)
  3 human zombies (Ossuary)
  5 orc priests
  2 gnoll boudas
  6 orc wizards
  6 scorpion zombies (Ossuary)
  Ijyb (D:4)
  7 iguanas
  Natasha (thrice) (D:3)
  4 mummies
  Robin (D:4)
  13 gnolls
  6 adders
  3 white imps
  An ufetubus (D:5)
  4 worms
  2 dart slugs
  28 orcs
  10 bats
  12 endoplasms
  7 giant cockroaches
  16 goblins
  15 hobgoblins
  15 jackals
  2 quokkas
  3 ball pythons
  7 frilled lizards
  3 gnoll zombies (Ossuary)
  3 goblin zombies (Ossuary)
  A hobgoblin zombie (Ossuary)
  12 kobolds
  9 rats
288 creatures vanquished.

Vanquished Creatures (others)
  A fungus (D:1)
  A plant (D:1)
2 creatures vanquished.

Grand Total: 290 creatures vanquished

Notes
Turn   | Place    | Note
-------+----------+-------------------------------------------
     0 | D:1      | sanboga the Gargoyle Air Elementalist began the quest for
                  | the Orb.
     0 | D:1      | Reached XP level 1. HP: 10/10 MP: 3/3
   280 | D:1      | Reached XP level 2. HP: 5/15 MP: 1/5
  1004 | D:1      | Reached skill level 2 in Conjurations
  1026 | D:1      | Reached XP level 3. HP: 13/19 MP: 1/6
  1137 | D:1      | Found a faded altar of an unknown god.
  1829 | D:2      | Reached XP level 4. HP: 12/24 MP: 2/7
  2376 | D:2      | Reached skill level 3 in Conjurations
  2574 | D:2      | HP: 1/24 [worm (8)]
  3173 | D:2      | Reached XP level 5. HP: 25/28 MP: 7/9
  3361 | D:3      | Found a transporter.
  3364 | D:3      | Found an iron altar of Okawaru.
  3365 | D:3      | Found a transporter.
  3365 | D:3      | Found a radiant altar of Vehumet.
  3366 | D:3      | Found a sparkling altar of Nemelex Xobeh.
  3725 | D:3      | Became a worshipper of Vehumet
  3943 | D:3      | Found a runed translucent door.
  3944 | D:3      | Noticed inkworks's ghost (weakling MiFi)
  3954 | D:3      | Reached skill level 4 in Conjurations
  3979 | D:3      | Noticed Natasha
  3989 | D:3      | HP: 1/28 [Natasha/magic dart (9)]
  3992 | D:3      | Killed Natasha
  3993 | D:3      | Reached XP level 6. HP: 1/32 MP: 7/10
  4275 | D:3      | Noticed Natasha
  4281 | D:3      | Killed Natasha
  4431 | D:3      | Noticed Natasha
  4441 | D:3      | Killed Natasha
  5025 | D:2      | Learned a level 2 spell: Static Discharge
  5030 | D:2      | Learned a level 4 spell: Airstrike
  5340 | D:3      | Killed inkworks's ghost
  5694 | D:4      | Found a snail-covered altar of Cheibriados.
  5695 | D:4      | Found a sand-covered staircase.
  5701 | Ossuary  | Entered an ossuary
  5749 | Ossuary  | Reached * piety under Vehumet
  5749 | Ossuary  | Offered knowledge of Magic Dart by Vehumet.
  5810 | Ossuary  | Reached skill level 5 in Conjurations
  5810 | Ossuary  | Reached XP level 7. HP: 31/36 MP: 4/12
  6251 | Ossuary  | Reached skill level 6 in Conjurations
  6413 | Ossuary  | Reached XP level 8. HP: 28/41 MP: 10/14
  6644 | Ossuary  | Offered knowledge of Poisonous Vapours by Vehumet.
  6850 | Ossuary  | Reached skill level 7 in Conjurations
  7058 | D:4      | Noticed Edmund
  7068 | D:4      | Killed Edmund
  7068 | D:4      | Reached ** piety under Vehumet
  7280 | D:4      | Noticed Ijyb
  7308 | D:4      | Found an ancient bone altar of Kikubaaqudgha.
  7403 | D:4      | Noticed Robin
  7411 | D:4      | Killed Robin
  7825 | D:4      | Reached XP level 9. HP: 45/45 MP: 12/16
  8017 | D:4      | Killed Ijyb
  8224 | D:5      | Entered Level 5 of the Dungeon
  8252 | D:5      | Offered knowledge of Ignite Poison by Vehumet.
  8256 | D:5      | Reached skill level 5 in Spellcasting
  8256 | D:5      | Reached skill level 8 in Conjurations
  8397 | D:5      | Noticed Blork the orc
  8406 | D:5      | Killed Blork the orc
  8496 | D:5      | Reached *** piety under Vehumet
  8744 | D:5      | Found a burning altar of Makhleb.
  8823 | D:5      | Reached skill level 5 in Air Magic
  9336 | D:6      | Reached skill level 5 in Dodging
  9336 | D:6      | Reached skill level 9 in Conjurations
  9380 | D:6      | Found a staircase to the Ecumenical Temple.
  9583 | D:6      | Found a shimmering blue altar of Sif Muna.
  9593 | D:6      | Offered knowledge of Mephitic Cloud by Vehumet.
  9598 | D:6      | Got Sif Muna's Atlas of Stones
  9605 | D:6      | Found a bloodstained altar of Trog.
 10474 | D:7      | Reached XP level 10. HP: 47/50 MP: 15/19
 10738 | D:7      | Reached skill level 10 in Conjurations
 10782 | D:7      | Reached **** piety under Vehumet
 11561 | D:7      | Offered knowledge of Flame Wave by Vehumet.
 11736 | D:8      | Learned a level 4 spell: Hailstorm
 12255 | D:8      | Noticed Erica
 12262 | D:8      | Killed Erica
 12263 | D:8      | Reached skill level 11 in Conjurations
 12575 | D:8      | Found a basalt altar of Yredelemnul.
 13263 | D:8      | Identified a scroll of acquirement
 13263 | D:8      | Acquired 873 gold pieces
 13364 | D:9      | Reached XP level 11. HP: 34/54 MP: 14/21
 13796 | D:9      | Found a broken altar of Ashenzari.
 13797 | D:9      | Noticed Gastronok
 13811 | D:9      | Slain by Gastronok

Illustrated notes

Levels and vault maps discovered:
D:1:      noname_arrival_rooms_in_the_neighbourhood, layout_basic,
          shapermc_ecumenical_altar_acropolis
D:2:      layout_basic
D:3:      layout_basic, gammafunk_temple_overflow_arena,
          ebering_ghost_reflecting_pool, uniq_natasha
D:4:      layout_basic, mainiacjoe_overflow_24_doors, kennysheep_slug_shrine,
          gup_ossuary_entry_pyramid, uniq_edmund, uniq_ijyb, uniq_robin
D:5:      layout_cave_pools, lightli_temple_of_fire, uniq_blork_the_orc
D:6:      layout_rooms, nzn_overflow_gifts_of_might_and_magic,
          minmay_temple_entry_waves, due_unseen_surprise
D:7:      layout_rooms
D:8:      layout_basic, lemuel_crystal_altar, uniq_erica
D:9:      due_megacathedral, layout_basic, serial_glass, glass_columns_c,
          glass_columns_c, kennysheep_kite_vault, uniq_gastronok

Skill      XL: |  1  2  3  4  5  6  7  8  9 10 |
---------------+-------------------------------+-----
Conjurations   | 2 3 4 5 6 7 9 11 | 11.8
Dodging        | 2 3 4 5 6 |  6.5
Air Magic      | 3 4 5 6 |  6.8
Spellcasting   | 3 4 6 7 |  7.2
Stealth        | |  2.1

Action                   |  1- 3 |  4- 6 |  7- 9 | 10-12 || total
-------------------------+-------+-------+-------+-------++-------
Melee: Unarmed           |     6 |       |       |       ||     6
       Club              |    41 |       |       |       ||    41
       Short sword       |     2 |   167 |   330 |   113 ||   612
       Punch             |       |     2 |     8 |       ||    10
 Cast: Shock             |    41 |    62 |    55 |    18 ||   176
       Airstrike         |       |     1 |       |    20 ||    21
       Static Discharge  |       |       |    58 |    44 ||   102
       Hailstorm         |       |       |       |     4 ||     4
  Use: Scroll            |       |    13 |     4 |     6 ||    23
       Potion            |       |     1 |     1 |       ||     2
 Stab: Sleeping          |     4 |     4 |     3 |       ||    11
Armor: Robe              |    18 |    80 |   186 |    74 ||   358
Dodge: Dodged            |    47 |   124 |   257 |   118 ||   546
